EL
NORTHWEST ARKANSAS NATURALS @ FRISCO ROUGHRIDERS
04/23/2047
 
TOP OF THE 1ST
Northwest Arkansas Naturals batting - Pitching for Frisco RoughRiders : LHP Alfonso Guillen
Pitching: LHP Alfonso Guillen
Batting: RHB Kazuki Arai 0-0: Called Strike
0-1: Called Strike
0-2: Foul Ball, location: 2F
0-2: Ball
1-2: Strikes out swinging
Batting: RHB Chad Sullivan 0-0: Ball
1-0: Called Strike
1-1: Called Strike
1-2: Ball
2-2: Strikes out looking
Batting: RHB Alex Cid 0-0: Ball
1-0: Ball
2-0: Ground out 5-3 (Groundball, 5S, EV 80.0 MPH)
Top of the 1st over - 0 runs, 0 hits, 0 errors, 0 left on base; Northwest Arkansas 0 - Frisco 0
BOTTOM OF THE 1ST
Frisco RoughRiders batting - Pitching for Northwest Arkansas Naturals : RHP Tim Tucker
Pitching: RHP Tim Tucker
Batting: RHB Chad Thompson 0-0: Called Strike
0-1: SINGLE (Groundball, 23, EV 70.0 MPH) (infield hit)
Batting: LHB Gabriel Graves 0-0: Foul Ball, location: 2F
0-1: Grounds out, U3 (Groundball, 3L, EV 93.1 MPH)
Batting: RHB Jorge Benites 0-0: Ball
Chad Thompson steals 3rd base
1-0: Called Strike
1-1: Foul Ball, location: 2F
1-2: Ball
2-2: Foul Ball, location: 2F
2-2: Strikes out swinging
Batting: LHB Justin Barker 0-0: Ground out U3 (Groundball, 3, EV 88.1 MPH)
Bottom of the 1st over - 0 runs, 1 hit, 0 errors, 1 left on base; Northwest Arkansas 0 - Frisco 0
TOP OF THE 2ND
Northwest Arkansas Naturals batting - Pitching for Frisco RoughRiders : LHP Alfonso Guillen
Batting: RHB Andy Urquhart 0-0: Ball
1-0: Ground out 1-3 (Groundball, P, EV 61.9 MPH)
Batting: SHB Louie Horne 0-0: Ball
1-0: DOUBLE (Line Drive, 89D, EV 112.5 MPH)
Batting: LHB Robert Wilkins 0-0: Called Strike
0-1: Ball
1-1: SINGLE (Groundball, 4MD, EV 110.6 MPH)
Louie Horne to third
Runner from 3rd tries for Home, SAFE, throw by CF to home
Batting: RHB Edwin Ramos 0-0: Ground out 4-3 (Groundball, 6MD, EV 101.9 MPH)
Robert Wilkins to second
Batting: RHB Eric Erickson 0-0: Swinging Strike
0-1: Foul Ball, location: 2F
0-2: Ball
1-2: Ball
2-2: Ball
3-2: Foul Ball, location: 2F
3-2: Strikes out swinging
Top of the 2nd over - 1 run, 2 hits, 0 errors, 1 left on base; Northwest Arkansas 1 - Frisco 0
BOTTOM OF THE 2ND
Frisco RoughRiders batting - Pitching for Northwest Arkansas Naturals : RHP Tim Tucker
Batting: RHB Dale Young 0-0: Ball
1-0: Swinging Strike
1-1: Ball
2-1: Called Strike
2-2: Ball
3-2: Base on Balls
Batting: LHB Mike Sammons 0-0: Called Strike
0-1: Ball
1-1: Ball
2-1: Called Strike
Dale Young steals 2nd base
2-2: Ball
3-2: Ground out 5-3 (Groundball, 56, EV 88.8 MPH)
Batting: LHB Helge Jivotovsky 0-0: Ball
1-0: Ground out U3 (Groundball, 3S, EV 88.1 MPH)
Dale Young to third
Batting: RHB Dale Aubrey 0-0: Ball
1-0: Swinging Strike
1-1: Swinging Strike
1-2: Ball
2-2: Strikes out swinging
Bottom of the 2nd over - 0 runs, 0 hits, 0 errors, 1 left on base; Northwest Arkansas 1 - Frisco 0
TOP OF THE 3RD
Northwest Arkansas Naturals batting - Pitching for Frisco RoughRiders : LHP Alfonso Guillen
Batting: RHB Ben Minge 0-0: Ball
1-0: Foul Ball, location: 2F
1-1: Ball
2-1: Ball
3-1: Foul Ball, location: 2F
3-2: Foul Ball, location: 2F
3-2: Strikes out swinging
Batting: RHB Kazuki Arai 0-0: Swinging Strike
0-1: Called Strike
0-2: Foul Ball, location: 2F
0-2: Ball
1-2: Foul Ball, location: 2F
1-2: Ground out U3 (Groundball, 34, EV 106.2 MPH)
Batting: RHB Chad Sullivan 0-0: Ground out 5-3 (Groundball, 56S, EV 86.2 MPH)
Top of the 3rd over - 0 runs, 0 hits, 0 errors, 0 left on base; Northwest Arkansas 1 - Frisco 0
BOTTOM OF THE 3RD
Frisco RoughRiders batting - Pitching for Northwest Arkansas Naturals : RHP Tim Tucker
Batting: RHB Jarrod Joyce 0-0: Ball
1-0: Foul Ball, location: 2F
1-1: SINGLE (Line Drive, 9LS, EV 93.1 MPH)
Batting: RHB Chad Thompson 0-0: TRIPLE (Flyball, 89XD, EV 103.1 MPH)
Jarrod Joyce scores
Batting: LHB Gabriel Graves 0-0: Called Strike
0-1: Fly out, F5 (Popup, 25F, EV 92.5 MPH)
Batting: RHB Jorge Benites 0-0: Ball
1-0: Called Strike
1-1: Foul Ball, location: 2F
1-2: Ball
2-2: Ground out 6-3 (Groundball, 6, EV 89.4 MPH)
Chad Thompson scores
Batting: LHB Justin Barker 0-0: Ball
1-0: Ball
2-0: Ball
3-0: Base on Balls
Batting: RHB Dale Young 0-0: Ball
1-0: Called Strike
1-1: SINGLE (Groundball, 6S, EV 70.6 MPH) (infield hit)
Justin Barker to second
Batting: LHB Mike Sammons 0-0: Foul Ball, location: 2F
0-1: Ball
1-1: Swinging Strike
1-2: Ball
2-2: Ball
3-2: Foul Ball, location: 2F
3-2: Strikes out swinging
Bottom of the 3rd over - 2 runs, 3 hits, 0 errors, 2 left on base; Northwest Arkansas 1 - Frisco 2
TOP OF THE 4TH
Northwest Arkansas Naturals batting - Pitching for Frisco RoughRiders : LHP Alfonso Guillen
Batting: RHB Alex Cid 0-0: Swinging Strike
0-1: Swinging Strike
0-2: SOLO HOME RUN (Flyball, 7D, EV 101.9 MPH), Distance : 391 ft
Batting: RHB Andy Urquhart 0-0: Ball
1-0: Ball
2-0: Foul Ball, location: 2F
2-1: Foul Ball, location: 2F
2-2: Foul Ball, location: 2F
2-2: Strikes out swinging
Batting: SHB Louie Horne 0-0: Ball
1-0: Ground out 6-3 (Groundball, 6S, EV 61.9 MPH)
Batting: LHB Robert Wilkins 0-0: Ball
1-0: Called Strike
1-1: Ball
2-1: Ground out 4-3 (Groundball, 4MS, EV 71.2 MPH)
Top of the 4th over - 1 run, 1 hit, 0 errors, 0 left on base; Northwest Arkansas 2 - Frisco 2
BOTTOM OF THE 4TH
Frisco RoughRiders batting - Pitching for Northwest Arkansas Naturals : RHP Tim Tucker
Batting: LHB Helge Jivotovsky 0-0: SINGLE (Groundball, 6MD, EV 103.8 MPH)
Batting: RHB Dale Aubrey 0-0: Swinging Strike
0-1: Ball
1-1: Ball
2-1: Ball
3-1: Base on Balls
Helge Jivotovsky to second
Batting: RHB Jarrod Joyce 0-0: Ball
1-0: Called Strike
1-1: Fly out, F9 (Flyball, 89M, EV 91.9 MPH)
Batting: RHB Chad Thompson 0-0: Called Strike
0-1: Ball
1-1: Foul Ball, location: 2F
1-2: Grounds into double play, 6-4-3 (Groundball, 6, EV 82.5 MPH)
Bottom of the 4th over - 0 runs, 1 hit, 0 errors, 1 left on base; Northwest Arkansas 2 - Frisco 2
TOP OF THE 5TH
Northwest Arkansas Naturals batting - Pitching for Frisco RoughRiders : LHP Alfonso Guillen
Batting: RHB Edwin Ramos 0-0: Ball
1-0: Ball
2-0: Swinging Strike
2-1: Ball
3-1: TRIPLE (Line Drive, 7D, EV 106.9 MPH)
Batting: RHB Eric Erickson 0-0: Ground out 5-3 (Groundball, 56S, EV 80.6 MPH)
Batting: RHB Ben Minge 0-0: Ball
1-0: Swinging Strike
1-1: Ground out 5-3 (Groundball, 56, EV 80.6 MPH)
Batting: RHB Kazuki Arai 0-0: Ball
1-0: Ball
2-0: SINGLE (Line Drive, 78S, EV 109.4 MPH)
Edwin Ramos scores
Batting: RHB Chad Sullivan 0-0: Ball
Kazuki Arai is caught stealing 2nd base 2-4
Top of the 5th over - 1 run, 2 hits, 0 errors, 0 left on base; Northwest Arkansas 3 - Frisco 2
BOTTOM OF THE 5TH
Frisco RoughRiders batting - Pitching for Northwest Arkansas Naturals : RHP Tim Tucker
Batting: LHB Gabriel Graves 0-0: DOUBLE (Line Drive, 7LD, EV 101.9 MPH)
Pitching: LHP Hyoji Kawabata
Batting: RHB Jorge Benites 0-0: Ball
1-0: Swinging Strike
1-1: Ground out 5-3 (Groundball, 5, EV 100.6 MPH)
Pinch Hitting: RHB Nate Taylor 0-0: Foul Ball, location: 2F
0-1: Ball
1-1: Foul Ball, location: 2F
1-2: Ground out 6-3 (Groundball, P, EV 85.6 MPH)
Gabriel Graves to third
Batting: RHB Dale Young 0-0: Ball
1-0: Ball
2-0: Called Strike
2-1: Foul Ball, location: 2F
2-2: SINGLE (Flyball, 78S, EV 91.2 MPH)
Gabriel Graves scores
Batting: LHB Mike Sammons 0-0: Ball
1-0: Fly out, F7 (Flyball, 7LS, EV 81.9 MPH)
Bottom of the 5th over - 1 run, 2 hits, 0 errors, 1 left on base; Northwest Arkansas 3 - Frisco 3
TOP OF THE 6TH
Northwest Arkansas Naturals batting - Pitching for Frisco RoughRiders : LHP Alfonso Guillen
Now at 2B: Nate Taylor
Now at SS: Jarrod Joyce
Batting: RHB Chad Sullivan 0-0: Swinging Strike
0-1: Ball
1-1: Foul Ball, location: 2F
1-2: Strikes out swinging
Batting: RHB Alex Cid 0-0: Ball
1-0: Ball
2-0: Called Strike
2-1: Ground out 5-3 (Groundball, 56, EV 90.6 MPH)
Batting: RHB Andy Urquhart 0-0: Ball
1-0: Foul Ball, location: 2F
1-1: Swinging Strike
1-2: Strikes out swinging
Top of the 6th over - 0 runs, 0 hits, 0 errors, 0 left on base; Northwest Arkansas 3 - Frisco 3
BOTTOM OF THE 6TH
Frisco RoughRiders batting - Pitching for Northwest Arkansas Naturals : LHP Hyoji Kawabata
Pinch Hitting: RHB Tim Adams 0-0: Ball
1-0: Ball
2-0: SINGLE (Line Drive, 9LS, EV 111.2 MPH)
Batting: RHB Dale Aubrey 0-0: Called Strike
0-1: Ball
1-1: Ball
2-1: Called Strike
2-2: Fly out, F9 (Line Drive, 9, EV 86.2 MPH)
Batting: RHB Jarrod Joyce 0-0: Ball
1-0: Called Strike
1-1: Swinging Strike
1-2: Strikes out swinging
Batting: RHB Chad Thompson 0-0: Swinging Strike
0-1: Swinging Strike
0-2: Ball
1-2: Fielders Choice at 2nd, U4 (Groundball, 4M, EV 87.5 MPH)
Bottom of the 6th over - 0 runs, 1 hit, 0 errors, 1 left on base; Northwest Arkansas 3 - Frisco 3
TOP OF THE 7TH
Northwest Arkansas Naturals batting - Pitching for Frisco RoughRiders : LHP Alfonso Guillen
Now at 1B: Chad Manning
Batting: SHB Louie Horne 0-0: Ball
1-0: Ball
2-0: Ground out 6-3 (Groundball, 6, EV 99.4 MPH)
Batting: LHB Robert Wilkins 0-0: Foul Ball, location: 2F
0-1: Foul Ball, location: 2F
0-2: Ball
1-2: Foul Ball, location: 2F
1-2: Strikes out swinging
Batting: RHB Edwin Ramos 0-0: Swinging Strike
0-1: Fly out, F9 (Line Drive, 9S, EV 85.0 MPH)
Top of the 7th over - 0 runs, 0 hits, 0 errors, 0 left on base; Northwest Arkansas 3 - Frisco 3
BOTTOM OF THE 7TH
Frisco RoughRiders batting - Pitching for Northwest Arkansas Naturals : LHP Hyoji Kawabata
Pitching: RHP Philip Terrell
Batting: LHB Gabriel Graves 0-0: Foul Ball, location: 2F
0-1: Called Strike
0-2: Ball
1-2: Fly out, F2 (Popup, 15S, EV 88.1 MPH)
Batting: RHB Jorge Benites 0-0: Called Strike
0-1: Ball
1-1: Ball
2-1: Ball
3-1: Foul Ball, location: 2F
3-2: Fly out, F8 (Flyball, 8RD, EV 100.6 MPH)
Batting: RHB Nate Taylor 0-0: Foul Ball, location: 2F
0-1: Ball
1-1: Ball
2-1: Ball
3-1: Swinging Strike
3-2: Strikes out swinging
Bottom of the 7th over - 0 runs, 0 hits, 0 errors, 0 left on base; Northwest Arkansas 3 - Frisco 3
TOP OF THE 8TH
Northwest Arkansas Naturals batting - Pitching for Frisco RoughRiders : LHP Alfonso Guillen
Batting: RHB Eric Erickson 0-0: Called Strike
0-1: Ball
1-1: Ball
2-1: Called Strike
2-2: SINGLE (Groundball, 56D, EV 105.0 MPH)
Batting: RHB Ben Minge 0-0: Called Strike
0-1: Ball
1-1: Foul Ball, location: 2F
1-2: Ball
2-2: Ball
3-2: Strikes out looking
Batting: RHB Kazuki Arai 0-0: Ball
Eric Erickson steals 2nd, throwing error, E2
Eric Erickson to third
1-0: Swinging Strike
1-1: Ground out 6-3 (Groundball, 56, EV 90.0 MPH)
Batting: RHB Chad Sullivan 0-0: Ball
1-0: Swinging Strike
1-1: Fly out, F8 (Flyball, 8LD, EV 94.4 MPH)
Top of the 8th over - 0 runs, 1 hit, 1 error, 1 left on base; Northwest Arkansas 3 - Frisco 3
BOTTOM OF THE 8TH
Frisco RoughRiders batting - Pitching for Northwest Arkansas Naturals : RHP Philip Terrell
Pitching: LHP Jake Warwick
Batting: RHB Dale Young 0-0: Called Strike
0-1: SINGLE (Groundball, 56, EV 95.0 MPH)
Batting: LHB Mike Sammons 0-0: Bunted foul
0-1: Sac Bunt to 13S - play at first, batter OUT! 1-3
Dale Young to second
Batting: RHB Chad Manning 0-0: Called Strike
0-1: Ball
1-1: Ball
2-1: Swinging Strike
2-2: Foul Ball, location: 2F
2-2: 2-RUN HOME RUN (Flyball, 78XD, EV 109.4 MPH), Distance : 429 ft
Batting: RHB Dale Aubrey 0-0: Called Strike
0-1: Ball
1-1: Ball
2-1: Called Strike
2-2: Strikes out swinging
Batting: RHB Jarrod Joyce 0-0: Ball
1-0: Ball
2-0: Ball
3-0: Base on Balls
Batting: RHB Chad Thompson 0-0: Fielders Choice at 2nd, 6-4 (Groundball, 6, EV 101.2 MPH)
Bottom of the 8th over - 2 runs, 2 hits, 0 errors, 1 left on base; Northwest Arkansas 3 - Frisco 5
TOP OF THE 9TH
Northwest Arkansas Naturals batting - Pitching for Frisco RoughRiders : LHP Alfonso Guillen
Pitching: RHP Ryan DeMille
Batting: RHB Alex Cid 0-0: Called Strike
0-1: Hit by Pitch
Batting: RHB Andy Urquhart 0-0: Called Strike
0-1: 2-RUN HOME RUN (Flyball, 7D, EV 98.1 MPH), Distance : 396 ft
Batting: SHB Louie Horne 0-0: Ground out U3 (Groundball, 34, EV 101.9 MPH)
Batting: LHB Robert Wilkins 0-0: Swinging Strike
0-1: Swinging Strike
0-2: Foul Ball, location: 2F
0-2: Hit by Pitch
Pinch Hitting: SHB Jason Anaya 0-0: Fly out, F8 (Flyball, 8RM, EV 88.8 MPH)
Batting: RHB Eric Erickson 0-0: Swinging Strike
0-1: Called Strike
0-2: Ball
1-2: Foul Ball, location: 2F
1-2: Ball
2-2: Strikes out looking
Top of the 9th over - 2 runs, 1 hit, 0 errors, 1 left on base; Northwest Arkansas 5 - Frisco 5
BOTTOM OF THE 9TH
Frisco RoughRiders batting - Pitching for Northwest Arkansas Naturals : LHP Jake Warwick
Pitching: RHP Matt Slater
Now at 2B: Jason Anaya
Batting: LHB Gabriel Graves 0-0: Ground out 4-3 (Groundball, 34, EV 87.5 MPH)
Batting: RHB Jorge Benites 0-0: Swinging Strike
0-1: Ground out 5-3 (Groundball, 56S, EV 82.5 MPH)
Batting: RHB Nate Taylor 0-0: Ball
1-0: Ball
2-0: Ball
3-0: Base on Balls
Batting: RHB Dale Young 0-0: Called Strike
0-1: Ball
1-1: Called Strike
Nate Taylor steals 2nd base
1-2: SINGLE (Groundball, 56D, EV 106.9 MPH) - runner OUT being hit by batted ball. (infield hit)
Bottom of the 9th over - 0 runs, 1 hit, 0 errors, 1 left on base; Northwest Arkansas 5 - Frisco 5
TOP OF THE 10TH
Northwest Arkansas Naturals batting - Pitching for Frisco RoughRiders : RHP Ryan DeMille
Batting: RHB Ben Minge 0-0: Ball
1-0: Swinging Strike
1-1: Foul Ball, location: 2F
1-2: Strikes out looking
Batting: RHB Kazuki Arai 0-0: Ball
1-0: Ball
2-0: Foul Ball, location: 2F
2-1: Foul Ball, location: 2F
2-2: Ball
3-2: Foul Ball, location: 2F
3-2: Base on Balls
Batting: RHB Chad Sullivan 0-0: Ball
1-0: Ball
2-0: Swinging Strike
2-1: Called Strike
2-2: SINGLE (Flyball, 34D, EV 98.1 MPH)
Kazuki Arai to second
Batting: RHB Alex Cid 0-0: Fly out, F3 (Popup, 3S, EV 77.5 MPH)
Batting: RHB Andy Urquhart 0-0: Swinging Strike
0-1: Swinging Strike
0-2: Ball
1-2: Foul Ball, location: 2F
1-2: Ball
2-2: Ball
3-2: Foul Ball, location: 2F
3-2: Base on Balls
Kazuki Arai to third
Chad Sullivan to second
Batting: SHB Louie Horne 0-0: Ball
1-0: Ball
2-0: Called Strike
2-1: Ball
3-1: Base on Balls
Kazuki Arai scores
Chad Sullivan to third
Andy Urquhart to second
Batting: LHB Robert Wilkins 0-0: Ball
1-0: Called Strike
1-1: Called Strike
1-2: Ball
2-2: Ball
3-2: Reached on error, E6 (Groundball, 6, EV 103.1 MPH)
Chad Sullivan scores
Andy Urquhart to third
Louie Horne to second
Pitching: RHP Victor Morin
Batting: SHB Jason Anaya 0-0: Fly out, F4 (Line Drive, 4, EV 70.6 MPH)
Top of the 10th over - 2 runs, 1 hit, 1 error, 3 left on base; Northwest Arkansas 7 - Frisco 5
BOTTOM OF THE 10TH
Frisco RoughRiders batting - Pitching for Northwest Arkansas Naturals : RHP Matt Slater
Batting: LHB Mike Sammons 0-0: Called Strike
0-1: Ball
1-1: DOUBLE (Line Drive, 9LM, EV 114.4 MPH)
Batting: RHB Chad Manning 0-0: Called Strike
0-1: Foul Ball, location: 2F
0-2: Ball
1-2: Foul Ball, location: 2F
1-2: Ball
2-2: SINGLE (Groundball, 6MD, EV 100.0 MPH)
Mike Sammons to third
Batting: RHB Dale Aubrey 0-0: Ball
1-0: Ball
2-0: Called Strike
2-1: Called Strike
2-2: Strikes out swinging
Pitching: RHP Junsuke Abe
Batting: RHB Jarrod Joyce 0-0: Called Strike
0-1: Ball
1-1: Swinging Strike
1-2: Ball
2-2: Fly out, F8 (Line Drive, 8RD, EV 90.0 MPH)
Batting: RHB Chad Thompson 0-0: Swinging Strike
0-1: Foul Ball, location: 2F
0-2: Strikes out swinging
Bottom of the 10th over - 0 runs, 2 hits, 0 errors, 2 left on base; Northwest Arkansas 7 - Frisco 5
Thursday, December 15th , 2022 - OOTP Baseball 23.9 Build 102